 Dungeon Crawl Stone Soup version 0.32-a0-747-gc8563f6773 (webtiles) character file.

Game seed: 6898800440120509244

4897 cforsyth the Cleaver (level 10, -13/90 HPs)
             Began as a Mountain Dwarf Cinder Acolyte on Mar 17, 2024.
             Was a High Priest of Ignis.
             Mangled by a boulder beetle (14 damage)
             ... on level 8 of the Dungeon.
             The game lasted 00:14:10 (10331 turns).

cforsyth the Cleaver (MDCA)                        Turns: 10331, Time: 00:14:11

Health: -13/90     AC: 12    Str: 27    XL:     10   Next: 26%
Magic:  16/16      EV:  8    Int: 15    God:    Ignis [*****.]
Gold:   461        SH:  0    Dex:  5    Spells: 15/17 levels left

rFire   + . .        a - +0 hand axe (flame)
rCold   . . .        c - orb {light}
rNeg    . . .        e - +0 chain mail
rPois   .            (no helmet)
rElec   .            (no cloak)
rCorr   .            (no gloves)
SInv    .            A - +0 pair of boots
Will    +....        (no amulet) Stlth
                     S - +6 ring of strength
HPRegen 0.35/turn    Z - ring of wizardry
MPRegen 0.15/turn

%: wizardry (x1)
@: mighty, glowing
A: runic magic, artefact enchanting
a: Renounce Religion, Fiery Armour, Foxfire Swarm, Rising Flame


You were on level 8 of the Dungeon.
You worshipped Ignis.
Ignis was extremely pleased with you.
You visited 1 branch of the dungeon, and saw 8 of its levels.
You also visited: Sewer and Ossuary.

You collected 461 gold pieces.


Innate Abilities, Weirdness & Mutations

Your spellcasting is much less encumbered by armour.
You can use scrolls of enchantment on lesser artefacts.


   Skills:
 + Level 8.5 Fighting
 + Level 9.3 Axes
 + Level 7.8 Armour
 - Level 4.3 Spellcasting
 + Level 9.2 Fire Magic


You had 15 spell levels left.
You knew the following spells:

 Your Spells              Type           Power      Damage    Failure   Level
X - Scorch                Fire           62%        2d7       1%          2

Your spell library contained the following spells:

 Spells                   Type           Power      Damage    Failure   Level
 Sandblast                Erth           6%         2d5       10%         1
 Mercury Vapours          Alch/Air       6%         N/A       16%         2
 Fugue of the Fallen      Necr           3%         N/A       28%         3
 Gell's Gravitas          Tloc           3%         N/A       28%         3
 Mephitic Cloud           Conj/Alch/Air  3%         N/A       28%         3
 Ozocubu's Armour         Ice            3%         N/A       28%         3
 Sigil of Binding         Hex            3%         N/A       28%         3
 Stone Arrow              Conj/Erth      6%         3d7       28%         3
 Teleport Other           Tloc           3%         N/A       28%         3
 Brom's Barrelling Bould  Conj/Erth      3%         2d3       65%         4
 Manifold Assault         Tloc           3%         N/A       65%         4
 Freezing Cloud           Conj/Ice/Air   1%         6-21      92%         5
 Death Channel            Necr           1%         N/A       100%        6
 Dispersal                Tloc           1%         N/A       100%        6
 Sculpt Simulacrum        Ice/Alch       1%         N/A       100%        6

Inventory:

Hand Weapons
 a - a +0 hand axe of flaming (weapon)
Missiles
 s - 3 throwing nets {=f}
Armour
 c - an orb of light (worn)
 e - a +0 chain mail (worn)
 A - a +0 pair of boots (worn)
 H - a +0 helmet
Magical Staves
 y - a staff of death {!a}
Jewellery
 S - a +6 ring of strength (left hand)
 Z - a ring of wizardry (right hand)
Wands
 t - a wand of mindburst (15)
 z - a wand of flame (7)
 G - a wand of polymorph (13)
Scrolls
 b - 2 scrolls of immolation {unknown}
 f - 2 scrolls of vulnerability
 g - a scroll of revelation
 i - a scroll of fog {unknown}
 k - a scroll of enchant armour {unknown}
 m - 3 scrolls of noise
 p - a scroll of brand weapon {unknown}
 r - 2 scrolls of teleportation {@r2}
 v - a scroll of poison {unknown}
 w - a scroll of summoning {unknown}
 x - 2 scrolls of fear
 B - a scroll of amnesia {unknown}
 D - a scroll of identify {@r1}
 E - a scroll of acquirement {unknown}
Potions
 d - 6 potions of haste {@q3}
 h - a potion of brilliance
 j - 6 potions of curing {@q1}
 o - 3 potions of mutation
 q - 3 potions of invisibility
 u - 4 potions of attraction
 C - a potion of enlightenment {unknown}
 F - a potion of lignification {unknown}

Dungeon Overview and Level Annotations

Branches:
Dungeon (8/15)             Temple (0/1) D:6           Sewer (visited)
Ossuary (visited)
   Lair: D:8-11

Altars:
Ashenzari
Cheibriados
Fedhas
Qazlal
Sif Muna
Uskayaw
Vehumet
Wu Jian
Yredelemnul
Zin

Shops:
D:3

( #...............
#...............
#...............
#.†<............
#######.####..........
#.....................
#.##########.#........
##=#.#.#..#########
#.B@#.###.#
#.####.#..# # #.###.#
##.#..# ##.#.# ###.#
..# .## #


You could see a boulder beetle.


Message History

The boulder beetle bites you but does no damage.
You hit the boulder beetle but do no damage.
The boulder beetle is moderately wounded.
The boulder beetle closely misses you.
You hit the boulder beetle but do no damage.
The boulder beetle is moderately wounded.
The boulder beetle bites you but does no damage.
You slash the boulder beetle! You burn the boulder beetle.
The boulder beetle is moderately wounded.
The boulder beetle barely misses you.
You hit the boulder beetle. You burn the boulder beetle.
The boulder beetle is heavily wounded.
The boulder beetle bites you!
* * * LOW HITPOINT WARNING * * *
You hit the boulder beetle but do no damage.
The boulder beetle is heavily wounded.
You hit the boulder beetle but do no damage.
The boulder beetle is heavily wounded.
The boulder beetle bites you but does no damage.
You slash the boulder beetle! You burn the boulder beetle.
The boulder beetle is severely wounded.
The boulder beetle bites you!
* * * LOW HITPOINT WARNING * * *
You feel much better. The boulder beetle bites you!!
* * * LOW HITPOINT WARNING * * *
You slash the boulder beetle! You burn the boulder beetle.
The boulder beetle is severely wounded.
The boulder beetle bites you!
You die...
Ignis goes out, and joins you in death.

Skill      XL: |  1  2  3  4  5  6  7  8  9 10 |
---------------+-------------------------------+-----
Armour         | 1 2 3 4 5 7 |  7.8
Axes           | 4 5 6 7 8 9 |  9.3
Fire Magic     | 4 5 6 7 8 9 |  9.2
Fighting       | 4 5 6 8 |  8.5
Spellcasting   | 2 3 4 |  4.3

Action                     |  1- 3 |  4- 6 |  7- 9 | 10-12 || total
---------------------------+-------+-------+-------+-------++-------
  Melee: Hand axe          |    94 |   133 |   331 |    70 ||   628
   Cast: Scorch            |     5 |    29 |   102 |    11 ||   147
  Evoke: Wand              |       |       |     3 |       ||     3
    Use: Scroll            |       |     5 |    10 |       ||    15
         Potion            |       |       |     2 |     4 ||     6
 Armour: Robe              |    10 |       |       |       ||    10
         Chain mail        |    56 |   140 |   403 |   116 ||   715
  Dodge: Dodged            |    42 |    68 |   153 |    39 ||   302

Levels and vault maps discovered:
D:1:      scummos_arrival_simple_crosswalls, layout_loops_ring, st_stairs_4,
          dreamdust_mushroom_princess
D:2:      layout_basic, basic_altar
D:3:      layout_loops_cross, zin_scriptorium, serial_shops, shop,
          gup_sewer_entry_bowl, shapermc_ecumenical_altar_hornbeckon,
          hangedman_decor_points
D:4:      layout_cave_pools, mainiacjoe_overflow_tiny_flanked,
          nicolae_overflow_hallway_of_the_gods, serial_demonic,
          serial_demonic_e, serial_demonic_d, serial_demonic_c,
          serial_demonic_b, minmay_misc_feat_columns, uniq_sigmund, uniq_natasha
D:5:      layout_cave_pods
D:6:      layout_rooms, temple_pool_b, nicolae_hexahallways
D:7:      cheibrodos_grave_circle, layout_loops_ring, nicolae_ossuary_entry_giza
D:8:      layout_basic, gammafunk_temple_overflow_pools, nrook_mini_vaults,
          minmay_small_thing, uniq_maurice

Notes
Turn   | Place    | Note
-------+----------+-------------------------------------------
     0 | D:1      | cforsyth the Mountain Dwarf Cinder Acolyte began the quest
                  | for the Orb.
     0 | D:1      | Reached XP level 1. HP: 19/19 MP: 2/2
   220 | D:1      | Reached XP level 2. HP: 17/26 MP: 3/3
   233 | D:1      | Learned a level 2 spell: Scorch
   527 | D:1      | Reached skill level 1 in Armour
   648 | D:1      | Reached skill level 4 in Axes
   708 | D:1      | Reached XP level 3. HP: 31/31 MP: 3/5
   749 | D:1      | Reached skill level 4 in Fire Magic
   971 | D:2      | Found a snail-covered altar of Cheibriados.
  1429 | D:2      | Reached XP level 4. HP: 40/40 MP: 6/6
  1628 | D:3      | Found a faded altar of an unknown god.
  1642 | D:3      | Found Bycokkoa's Antique Weapon Boutique.
  1743 | D:3      | Reached skill level 4 in Fighting
  1743 | D:3      | Reached skill level 2 in Armour
  1855 | D:3      | Reached XP level 5. HP: 32/46 MP: 7/7
  1869 | D:3      | Found a glowing drain.
  1873 | Sewer    | Entered a sewer
  1974 | Sewer    | Reached skill level 2 in Spellcasting
  2013 | Sewer    | HP: 2/46 [kobold brigand/+0 dagger of speed (7)]
  3004 | D:3      | Found a glowing silver altar of Zin.
  3194 | D:4      | Found a hide-covered altar of Uskayaw.
  3285 | D:4      | Noticed Sigmund
  3307 | D:3      | Reached XP level 6. HP: 48/53 MP: 5/9
  3468 | D:4      | Killed Sigmund
  3469 | D:4      | Reached skill level 5 in Axes
  3469 | D:4      | Reached skill level 3 in Armour
  3469 | D:4      | Reached skill level 5 in Fire Magic
  3696 | D:4      | Reached XP level 7. HP: 60/60 MP: 2/11
  3760 | D:4      | Reached skill level 5 in Fighting
  4065 | D:4      | Reached skill level 3 in Spellcasting
  4122 | D:4      | Found a radiant altar of Vehumet.
  4127 | D:4      | Found a blossoming altar of Fedhas.
  4131 | D:4      | Found a broken altar of Ashenzari.
  4138 | D:4      | Found a basalt altar of Yredelemnul.
  4138 | D:4      | Found an ornate altar of the Wu Jian Council.
  4142 | D:4      | Found a stormy altar of Qazlal.
  4146 | D:4      | Found a shimmering blue altar of Sif Muna.
  4200 | D:4      | Reached skill level 4 in Armour
  4358 | D:4      | Noticed Natasha
  4366 | D:4      | Killed Natasha
  4402 | D:4      | Noticed Natasha
  4411 | D:4      | Killed Natasha
  4419 | D:4      | Noticed Natasha
  4429 | D:4      | Killed Natasha
  4430 | D:4      | Reached skill level 6 in Axes
  4534 | D:5      | Entered Level 5 of the Dungeon
  4808 | D:4      | Reached skill level 6 in Fire Magic
  5277 | D:5      | Reached XP level 8. HP: 69/69 MP: 4/13
  6449 | D:6      | Reached skill level 6 in Fighting
  6449 | D:6      | Reached skill level 5 in Armour
  6595 | D:6      | Reached skill level 4 in Spellcasting
  6792 | D:6      | Reached skill level 7 in Axes
  6873 | D:6      | Found a staircase to the Ecumenical Temple.
  6940 | D:6      | Reached skill level 7 in Fire Magic
  7309 | D:7      | Found a sand-covered staircase.
  7317 | Ossuary  | Entered an ossuary
  7371 | Ossuary  | Reached XP level 9. HP: 70/77 MP: 15/15
  7731 | Ossuary  | Reached skill level 6 in Armour
  7785 | Ossuary  | Reached skill level 7 in Fighting
  8011 | D:7      | Noticed a hellwing
  8021 | D:7      | Reached skill level 8 in Axes
  8223 | D:7      | Reached skill level 8 in Fire Magic
  8344 | D:7      | Reached skill level 7 in Armour
  8377 | D:6      | Paralysed by a hornet for 2 turns
  8384 | D:6      | Reached skill level 8 in Fighting
  8715 | D:6      | Reached XP level 10. HP: 24/73 MP: 0/16
  8957 | D:7      | Reached skill level 9 in Axes
  9118 | D:7      | Reached skill level 9 in Fire Magic
 10300 | D:8      | Noticed a boulder beetle
 10329 | D:8      | HP: 2/90 [boulder beetle (9)]
 10331 | D:8      | Mangled by a boulder beetle

Vanquished Creatures
  2 centaur skeletons (D:7)
  A hornet (D:6)
  A hellwing (D:7)
  Sigmund (D:4)
  A water moccasin (D:8)
  An ice beast (D:6)
  3 sky beasts
  2 ogres
  A centaur (D:5)
  A phantom (D:6)
  4 elf zombies (Ossuary)
  A kobold brigand (Sewer)
  A gnoll sergeant (D:4)
  A scorpion (D:6)
  5 wights
  2 howler monkeys
  4 centaur zombies
  3 quasits
  A jelly (D:7)
  2 orc priests
  4 bombardier beetles
  A hound (D:4)
  2 human zombies (Ossuary)
  A sleepcap (D:6)
  An iguana (D:4)
  An orc wizard (D:5)
  Natasha (thrice) (D:4)
  2 crocodile zombies (Ossuary)
  A bullfrog simulacrum (Ossuary)
  2 spectral hounds (Ossuary)
  4 mummies
  10 gnolls
  8 adders
  2 hound simulacra (Ossuary)
  4 river rats
  5 shadow imps
  2 white imps
  6 spectral adders (Ossuary)
  3 ribbon worms
  4 adder simulacra (Ossuary)
  3 dart slugs
  6 orcs
  6 bats
  12 endoplasms
  5 giant cockroaches
  7 gnoll zombies (Ossuary)
  10 goblins
  7 hobgoblins
  2 quokkas
  6 ball pythons
  4 frilled lizards
  2 gnoll simulacra (Ossuary)
  2 goblin zombies (D:7)
  A jackal simulacrum (Ossuary)
  8 kobolds
  4 kobold zombies (Ossuary)
  5 orc zombies (Ossuary)
  12 rats
  A spectral jackal (Ossuary)
207 creatures vanquished.

Table legend: (Time is in decaauts)
 A = Elapsed time spent in this place.
 B = Non-inter-level travel time spent in this place.
 C = Inter-level travel time spent in this place.
 D = Time resting spent in this place.
 E = Time spent auto-exploring this place.
 F = Levels seen in this place.
 G = Mean time per level.
                   A        B        C        D        E       F      G
               +--------+--------+--------+--------+--------+-----+--------+
         Total |  10430 |  10302 |    128 |   1965 |   6458 |  10 | 1043.0 |
       Dungeon |   9191 |   9063 |    128 |   1943 |   5678 |   8 | 1148.9 |
         Sewer |    719 |    719 |      0 |     22 |    452 |   1 |  719.0 |
       Ossuary |    519 |    519 |      0 |      0 |    328 |   1 |  519.0 |
               +--------+--------+--------+--------+--------+-----+--------+

Top non-repeatable levels by time:
     D:6: 2213 daAuts
     D:4: 1648 daAuts
     D:7: 1316 daAuts
     D:5: 1191 daAuts
     D:3: 1070 daAuts
     D:2: 847 daAuts
     D:1: 813 daAuts
   Sewer: 719 daAuts
 Ossuary: 519 daAuts
     D:8: 90 daAuts

Table legend:
 A = Non-vault XP
 B = Vault XP
 C = Vault XP percentage of total XP
 D = Non-vault monster count
 E = Vault monster count
 F = Vault count percentage of total count
                 A         B        C        D         E       F
            +---------+---------+-------+---------+---------+-------
      Total |    2985 |    4012 |  57.3 |     121 |      86 |  41.5
            +---------+---------+-------+---------+---------+-------
        D:1 |      39 |       6 |  13.3 |      22 |       2 |   8.3
        D:2 |      67 |       0 |   0.0 |      19 |       0 |   0.0
        D:3 |      72 |      84 |  53.8 |      18 |       4 |  18.2
        D:4 |     614 |     359 |  36.9 |      31 |       5 |  13.9
        D:5 |     430 |       0 |   0.0 |      11 |       0 |   0.0
        D:6 |    1304 |       0 |   0.0 |      14 |       0 |   0.0
        D:7 |     317 |    2606 |  89.2 |       5 |      13 |  72.2
        D:8 |     142 |       0 |   0.0 |       1 |       0 |   0.0
      Sewer |       0 |     148 | 100.0 |       0 |      15 | 100.0
    Ossuary |       0 |     809 | 100.0 |       0 |      47 | 100.0
            +---------+---------+-------+---------+---------+-------
